 Dungeon Crawl Stone Soup version 0.27.0-1-g7a089689b8 (webtiles) character file.

Game seed: 15349769223867722999

81 hyperkoen the Skirmisher (level 4, -1/37 HPs)
             Began as a Djinni Monk on Aug 11, 2021.
             Slain by a worm (9 damage)
             ... on level 3 of the Dungeon.
             The game lasted 00:07:44 (3878 turns).

hyperkoen the Skirmisher (Djinni Monk)              Turns: 3878, Time: 00:07:45

Health: -1/37      AC:  5    Str: 11    XL:     4   Next: 68%
Gold:   137        EV: 11    Int: 11    God:
                   SH:  0    Dex: 16

rFire    + + .     SeeInvis .   a - +0 falchion
rCold    x . .     Faith    .   (no shield)
rNeg     . . .     Spirit   .   l - +0 ring mail
rPois    ∞         Reflect  .   (no helmet)
rElec    .         Harm     +   d - scarf {harm}
rCorr    .         Rampage  .   (no gloves)
Will     .....                  (boots unavailable)
Stlth    +.........             (no amulet)
HPRegen  0.12/turn              (no ring)
MPRegen  0.00/turn              (no ring)

@: flying
A: sickness immunity, fire resistance 2, cold vulnerability 1, float, innate
caster, hp casting, extra vitality 1
a: no special abilities


You were on level 3 of the Dungeon.
You visited 1 branch of the dungeon, and saw 3 of its levels.

You collected 137 gold pieces.

Inventory:

Hand Weapons
 a - a +0 falchion (weapon)
Missiles
 j - 13 poisoned darts (quivered)
Armour
 b - a +0 robe
 d - a scarf of harm (worn)
 e - a +0 leather armour
 l - a +0 ring mail (worn)
 m - a +0 chain mail
Scrolls
 c - a scroll of identify {unknown}
 g - a scroll of magic mapping {unknown}
 h - a scroll of enchant weapon {unknown}
 k - a scroll of noise {unknown}
Potions
 f - a potion of heal wounds
 i - a potion of curing {unknown}
 n - a potion of berserk rage {unknown}


   Skills:
 + Level 4.0 Fighting
 - Level 2.6 Long Blades
 + Level 2.1 Armour
 - Level 3.4 Dodging
 - Level 1.5 Stealth
 - Level 1.0 Spellcasting


You had 4 spell levels left.
You knew the following spells:

 Your Spells              Type           Power      Damage    Failure   Level
a - Corona                Hex            2%         N/A       45%         1
Your spell library was empty.

Dungeon Overview and Level Annotations

Branches:
Dungeon (3/15)

Altars:


Innate Abilities, Weirdness & Mutations

You are immune to sickness and miasma.
You are immune to poison.
Your flesh is very heat resistant. (rF++)
You are vulnerable to cold. (rC-)
You float through the air rather than walking.
You learn spells naturally, not from books.
Your magical power is your life essence.
You have superior vitality. (+4 HP)


Message History

You completely miss the adder. The adder closely misses you.
You riposte.
You hit the adder but do no damage. The adder misses you.
You riposte.
You barely miss the adder. You closely miss the adder.
The adder closely misses you.
It was a potion of heal wounds.
You feel much better. The adder bites you but does no damage.
The adder misses you.
You hit the adder.
The adder is heavily wounded.
The adder bites you.
You closely miss the adder.
The adder is heavily wounded.
The adder bites you. The worm bites you. The adder barely misses you.
You hit the adder.
You kill the adder!
The worm splashes around in the water.
You closely miss the rat. The rat closely misses you.
You riposte.
You hit the rat.
The rat is moderately wounded.
The worm barely misses you.
You barely miss the rat.
The rat is moderately wounded.
The rat bites you but does no damage.
You barely miss the rat.
The rat is moderately wounded.
The rat bites you but does no damage. The worm bites you!
You hit the rat.
You kill the rat!
The worm bites you!
* * * LOW HITPOINT WARNING * * *
Your Fighting skill increases to level 4!
You barely miss the worm. You hit the worm.
The worm is moderately wounded.
The worm bites you.
* * * LOW HITPOINT WARNING * * *
The worm misses you.
You hit the worm.
The worm is heavily wounded.
The worm bites you!
You die...

###...#####..#
....### ..# #....
...... .###.#
##....... ...>..
.........
#.....##.#.....
####........#####
#........#≈w≈#
######.(....≈#≈#@#
#......<....≈#≈#w#
#.######.†.≈≈≈≈#≈≈
#.......≈#w#≈##
#.##....≈≈≈#≈≈
..........#≈###
##.###....≈≈≈#
#.....≈≈#
#..........


You could see 2 worms.

Vanquished Creatures
  4 adders
  A dart slug (D:2)
  5 endoplasms
  3 giant cockroaches
  5 goblins
  4 hobgoblins
  4 quokkas
  4 ball pythons
  A bat (D:1)
  3 frilled lizards
  2 kobolds (D:1)
  7 rats
43 creatures vanquished.

Notes
Turn   | Place    | Note
-------+----------+-------------------------------------------
     0 | D:1      | hyperkoen the Djinni Monk began the quest for the Orb.
     0 | D:1      | Reached XP level 1. HP: 20/20 MP: 0/0
   262 | D:1      | Reached XP level 2. HP: 25/25 MP: 0/0
   439 | D:1      | Found a faded altar of an unknown god.
   731 | D:1      | Reached skill level 1 in Spellcasting
   891 | D:1      | Reached XP level 3. HP: 22/30 MP: 0/0
   891 | D:1      | Learned a level 1 spell: Corona
  1381 | D:2      | Reached skill level 1 in Armour
  3560 | D:2      | Reached XP level 4. HP: 36/36 MP: 0/0
  3876 | D:3      | Reached skill level 4 in Fighting
  3878 | D:3      | Slain by a worm

Illustrated notes

Levels and vault maps discovered:
D:1:      minmay_arrival_diagonal_passages, layout_basic,
          chequers_ecumenical_altar_lobes, minmay_misc_feat_secret_circle
D:2:      layout_loops_ring
D:3:      kennysheep_big_flooded_room, layout_rooms, lightli_sewer_entry_pipes

Skill      XL: |  1  2  3  4 |
---------------+-------------+-----
Spellcasting   | 1 |  1.0
Armour         | 1 2 |  2.1
Fighting       | 4 |  4.0
Long Blades    | |  2.6
Dodging        | |  3.4
Stealth        | |  1.5

Action                   |  1- 3 |  4- 6 || total
-------------------------+-------+-------++-------
Melee: Falchion          |    98 |    36 ||   134
Throw: Dart              |     2 |       ||     2
  Use: Potion            |       |     1 ||     1
 Stab: Sleeping          |     4 |       ||     4
Armor: Robe              |     4 |       ||     4
       Leather armour    |    16 |       ||    16
       Ring mail         |     2 |    11 ||    13
Dodge: Dodged            |    65 |    24 ||    89
       Rpst.: Falchion   |    17 |     6 ||    23
